MLB
CALIFORNIA ANGELS @ MONTREAL EXPOS
09/18/2045
 
TOP OF THE 1ST
California Angels batting - Pitching for Montreal Expos : LHP Kyle Schlosschlonghair
Pitching: LHP Kyle Schlosschlonghair
Batting: RHB Nick Dunn 0-0: Foul Ball, location: 2F
0-1: Ball
1-1: Ground out 4-3 (Groundball, 4, EV 86.9 MPH)
Batting: RHB Alain Delhaye 0-0: Fly out, F8 (Flyball, 78D, EV 102.5 MPH)
Batting: RHB Preston Deakyne 0-0: Ball
1-0: Swinging Strike
1-1: Ball
2-1: Foul Ball, location: 2F
2-2: Strikes out swinging
Top of the 1st over - 0 runs, 0 hits, 0 errors, 0 left on base; California 0 - Montreal 0
BOTTOM OF THE 1ST
Montreal Expos batting - Pitching for California Angels : RHP Angel Marquez
Pitching: RHP Angel Marquez
Batting: SHB Bran Stark 0-0: Foul Ball, location: 2F
0-1: Ball
1-1: Foul Ball, location: 2F
1-2: Strikes out swinging
Batting: SHB Pete Barutha 0-0: Ball
1-0: Swinging Strike
1-1: Swinging Strike
1-2: SOLO HOME RUN (Flyball, 9D, EV 97.5 MPH), Distance : 372 ft
Batting: RHB Mike Salmon 0-0: Called Strike
0-1: Ball
1-1: Ball
2-1: Ball
3-1: Called Strike
3-2: Strikes out swinging
Batting: LHB Steve Anderson 0-0: Ball
1-0: Ground out 4-3 (Groundball, 4, EV 80.0 MPH)
Bottom of the 1st over - 1 run, 1 hit, 0 errors, 0 left on base; California 0 - Montreal 1
TOP OF THE 2ND
California Angels batting - Pitching for Montreal Expos : LHP Kyle Schlosschlonghair
Batting: RHB Dietmar Warmisch 0-0: Ball
1-0: Foul Ball, location: 2F
1-1: Ball
2-1: Fly out, F7 (Line Drive, 8LM, EV 88.1 MPH)
Batting: RHB Curt Earnest 0-0: Swinging Strike
0-1: Swinging Strike
0-2: Strikes out swinging
Batting: RHB Mike Harkins 0-0: Called Strike
0-1: Foul Ball, location: 2F
0-2: Ball
1-2: Foul Ball, location: 2F
1-2: Ball
2-2: Fly out, F7 (Flyball, 7, EV 90.0 MPH)
Top of the 2nd over - 0 runs, 0 hits, 0 errors, 0 left on base; California 0 - Montreal 1
BOTTOM OF THE 2ND
Montreal Expos batting - Pitching for California Angels : RHP Angel Marquez
Batting: RHB Robby Juarez 0-0: Ball
1-0: Ball
2-0: Called Strike
2-1: Foul Ball, location: 2F
2-2: SOLO HOME RUN (Flyball, 78XD, EV 112.5 MPH), Distance : 408 ft
Batting: LHB Jimmy Buscemi 0-0: Called Strike
0-1: Ball
1-1: Foul Ball, location: 2F
1-2: Ball
2-2: SOLO HOME RUN (Flyball, 7D, EV 95.0 MPH), Distance : 354 ft
Batting: RHB Alberto Cotto 0-0: Ball
1-0: Ball
2-0: Foul Ball, location: 2F
2-1: Swinging Strike
2-2: Strikes out looking
Batting: RHB John Ham 0-0: Ball
1-0: Called Strike
1-1: Ball
2-1: Called Strike
2-2: Strikes out looking
Batting: RHB Kanehisa Kubo 0-0: Ball
1-0: Foul Ball, location: 2F
1-1: Called Strike
1-2: Foul Ball, location: 2F
1-2: Strikes out swinging
Bottom of the 2nd over - 2 runs, 2 hits, 0 errors, 0 left on base; California 0 - Montreal 3
TOP OF THE 3RD
California Angels batting - Pitching for Montreal Expos : LHP Kyle Schlosschlonghair
Batting: RHB Avery Maxwell 0-0: Ball
1-0: Foul Ball, location: 2F
1-1: Ball
2-1: Fly out, F9 (Line Drive, 9, EV 91.9 MPH)
Batting: LHB Jack Bell 0-0: Ball
1-0: Ball
2-0: Swinging Strike
2-1: Swinging Strike
2-2: Foul Ball, location: 2F
2-2: Foul Ball, location: 2F
2-2: Fly out, F9 (Flyball, 9S, EV 87.5 MPH)
Batting: RHB Ricky Carbajal 0-0: Ball
1-0: Foul Ball, location: 2F
1-1: Foul Ball, location: 2F
1-2: SINGLE (Flyball, 89S, EV 90.0 MPH)
Batting: RHB Nick Dunn 0-0: Ball
1-0: Ball
Ricky Carbajal steals 2nd base
2-0: Foul Ball, location: 2F
2-1: Ball
3-1: Ground out 5-3 (Groundball, 56, EV 81.2 MPH)
Top of the 3rd over - 0 runs, 1 hit, 0 errors, 1 left on base; California 0 - Montreal 3
BOTTOM OF THE 3RD
Montreal Expos batting - Pitching for California Angels : RHP Angel Marquez
Batting: SHB Bran Stark 0-0: Ball
1-0: Ball
2-0: Called Strike
2-1: Called Strike
2-2: Ground out 4-3 (Groundball, 4, EV 89.4 MPH)
Batting: SHB Pete Barutha 0-0: Ground out 4-3 (Groundball, 4, EV 84.4 MPH)
Batting: RHB Mike Salmon 0-0: Called Strike
0-1: Ball
1-1: Foul Ball, location: 2F
1-2: Fly out, F7 (Flyball, 7LS, EV 76.2 MPH)
Bottom of the 3rd over - 0 runs, 0 hits, 0 errors, 0 left on base; California 0 - Montreal 3
TOP OF THE 4TH
California Angels batting - Pitching for Montreal Expos : LHP Kyle Schlosschlonghair
Batting: RHB Alain Delhaye 0-0: Called Strike
0-1: Foul Ball, location: 2F
0-2: Foul Ball, location: 2F
0-2: Foul Ball, location: 2F
0-2: Strikes out swinging
Batting: RHB Preston Deakyne 0-0: Called Strike
0-1: Foul Ball, location: 2F
0-2: SOLO HOME RUN (Flyball, 9LD, EV 94.4 MPH), Distance : 331 ft
Batting: RHB Dietmar Warmisch 0-0: Foul Ball, location: 2F
0-1: SINGLE (Groundball, 6D, EV 93.8 MPH)
Batting: RHB Curt Earnest 0-0: SINGLE (Groundball, 56S, EV 74.4 MPH) (infield hit)
Dietmar Warmisch to second
Batting: RHB Mike Harkins 0-0: Fly out, F7 (Flyball, 7, EV 77.5 MPH)
Batting: RHB Avery Maxwell 0-0: Fly out, F9 (Line Drive, 9D, EV 104.4 MPH)
Top of the 4th over - 1 run, 3 hits, 0 errors, 2 left on base; California 1 - Montreal 3
BOTTOM OF THE 4TH
Montreal Expos batting - Pitching for California Angels : RHP Angel Marquez
Batting: LHB Steve Anderson 0-0: Foul Ball, location: 2F
0-1: Ground out 1-3 (Groundball, 13S, EV 65.6 MPH)
Batting: RHB Robby Juarez 0-0: Called Strike
0-1: Ball
1-1: Ball
2-1: Ball
3-1: Base on Balls
Batting: LHB Jimmy Buscemi 0-0: Ball
1-0: Foul Ball, location: 2F
1-1: Foul Ball, location: 2F
1-2: Foul Ball, location: 2F
1-2: Foul Ball, location: 2F
1-2: Foul Ball, location: 2F
1-2: Ball
2-2: Foul Ball, location: 2F
2-2: Fielders Choice at 2nd, 3-6 (Groundball, 34, EV 86.2 MPH)
Batting: RHB Alberto Cotto 0-0: Ball
1-0: Ball
2-0: Ball
3-0: Called Strike
3-1: Called Strike
3-2: Strikes out swinging
Bottom of the 4th over - 0 runs, 0 hits, 0 errors, 1 left on base; California 1 - Montreal 3
TOP OF THE 5TH
California Angels batting - Pitching for Montreal Expos : LHP Kyle Schlosschlonghair
Batting: LHB Jack Bell 0-0: Foul Ball, location: 2F
0-1: Ball
1-1: Swinging Strike
1-2: Foul Ball, location: 2F
1-2: Foul Ball, location: 2F
1-2: Foul Ball, location: 2F
1-2: SINGLE (Groundball, 3D, EV 96.9 MPH)
Batting: RHB Ricky Carbajal 0-0: Ball
1-0: Foul Ball, location: 2F
1-1: Fly out, F9 (Flyball, 9, EV 88.1 MPH)
Batting: RHB Nick Dunn 0-0: Called Strike
0-1: Ball
1-1: Ball
2-1: Ball
3-1: Base on Balls
Jack Bell to second
Batting: RHB Alain Delhaye 0-0: Called Strike
Jack Bell steals 3rd base
Nick Dunn to second
0-1: Foul Ball, location: 2F
0-2: Ball
1-2: Fly out, F7 (Flyball, 7S, EV 88.1 MPH)
Batting: RHB Preston Deakyne 0-0: Ball
1-0: Foul Ball, location: 2F
1-1: Ball
2-1: Fly out, F9 (Line Drive, 9D, EV 95.6 MPH)
Top of the 5th over - 0 runs, 1 hit, 0 errors, 2 left on base; California 1 - Montreal 3
BOTTOM OF THE 5TH
Montreal Expos batting - Pitching for California Angels : RHP Angel Marquez
Batting: RHB John Ham 0-0: Ball
1-0: Called Strike
1-1: Ball
2-1: Foul Ball, location: 2F
2-2: Ground out 6-3 (Groundball, 56, EV 105.0 MPH)
Batting: RHB Kanehisa Kubo 0-0: Ball
1-0: Ball
2-0: Foul Ball, location: 2F
2-1: Foul Ball, location: 2F
2-2: SINGLE (Groundball, 56D, EV 96.2 MPH)
Batting: SHB Bran Stark 0-0: Swinging Strike
0-1: Ball
1-1: Swinging Strike
1-2: Foul Ball, location: 2F
1-2: Grounds into double play, 6-4-3 (Groundball, 6, EV 95.6 MPH)
Bottom of the 5th over - 0 runs, 1 hit, 0 errors, 0 left on base; California 1 - Montreal 3
TOP OF THE 6TH
California Angels batting - Pitching for Montreal Expos : LHP Kyle Schlosschlonghair
Batting: RHB Dietmar Warmisch 0-0: Foul Ball, location: 2F
0-1: Ball
1-1: Ball
2-1: Ball
3-1: Fly out, F9 (Line Drive, 9, EV 90.6 MPH)
Batting: RHB Curt Earnest 0-0: Ground out 6-3 (Groundball, 6, EV 99.4 MPH)
Batting: RHB Mike Harkins 0-0: Fly out, F6 (Flyball, 56D, EV 90.0 MPH)
Top of the 6th over - 0 runs, 0 hits, 0 errors, 0 left on base; California 1 - Montreal 3
BOTTOM OF THE 6TH
Montreal Expos batting - Pitching for California Angels : RHP Angel Marquez
Batting: SHB Pete Barutha 0-0: Ball
1-0: Fly out, F8 (Flyball, 8RXD, EV 86.9 MPH)
Batting: RHB Mike Salmon 0-0: Ball
1-0: Swinging Strike
1-1: Fly out, F8 (Flyball, 8LXD, EV 93.1 MPH)
Batting: LHB Steve Anderson 0-0: Ball
1-0: Ball
2-0: SINGLE (Line Drive, 78M, EV 84.4 MPH)
Pitching: RHP Danny Nerio
Batting: RHB Robby Juarez 0-0: Foul Ball, location: 2F
0-1: Fielders Choice at 2nd, 6-4 (Groundball, 6, EV 108.1 MPH)
Bottom of the 6th over - 0 runs, 1 hit, 0 errors, 1 left on base; California 1 - Montreal 3
TOP OF THE 7TH
California Angels batting - Pitching for Montreal Expos : LHP Kyle Schlosschlonghair
Batting: RHB Avery Maxwell 0-0: Ball
1-0: Called Strike
1-1: Ball
2-1: Swinging Strike
2-2: Fly out, F5 (Popup, 56S, EV 75.6 MPH)
Batting: LHB Jack Bell 0-0: Ball
1-0: SINGLE (Popup, 5D, EV 74.4 MPH)
Batting: RHB Ricky Carbajal 0-0: Ball
1-0: Hit by Pitch
Jack Bell to second
Batting: RHB Nick Dunn 0-0: Called Strike
0-1: Ball
1-1: Foul Ball, location: 2F
1-2: Ball
2-2: SINGLE (Line Drive, 8LM, EV 96.2 MPH)
Jack Bell to third
Ricky Carbajal to second
Batting: RHB Alain Delhaye 0-0: Swinging Strike
0-1: Foul Ball, location: 2F
0-2: Strikes out swinging
Pitching: RHP Elliott Payne
Batting: RHB Preston Deakyne 0-0: Fly out, F2 (Popup, 5SF, EV 82.5 MPH)
Top of the 7th over - 0 runs, 2 hits, 0 errors, 3 left on base; California 1 - Montreal 3
BOTTOM OF THE 7TH
Montreal Expos batting - Pitching for California Angels : RHP Danny Nerio
Batting: LHB Jimmy Buscemi 0-0: Called Strike
0-1: Called Strike
0-2: Strikes out swinging
Batting: RHB Alberto Cotto 0-0: Ball
1-0: Foul Ball, location: 2F
1-1: Hit by Pitch
Batting: RHB John Ham 0-0: Ball
1-0: Ball
2-0: Called Strike
2-1: Ball
3-1: Base on Balls
Alberto Cotto to second
Batting: RHB Kanehisa Kubo 0-0: Called Strike
0-1: Ball
1-1: Foul Ball, location: 2F
1-2: Ball
2-2: Strikes out looking
Pitching: RHP Joe Beam
Batting: SHB Bran Stark 0-0: Ball
1-0: Called Strike
1-1: Ball
2-1: Ground out U3 (Groundball, 3L, EV 83.8 MPH)
Bottom of the 7th over - 0 runs, 0 hits, 0 errors, 2 left on base; California 1 - Montreal 3
TOP OF THE 8TH
California Angels batting - Pitching for Montreal Expos : RHP Elliott Payne
Batting: RHB Dietmar Warmisch 0-0: Called Strike
0-1: Ground out 3-1 (Groundball, 34S, EV 90.0 MPH)
Batting: LHB Micah Miller 0-0: Ball
1-0: Ball
2-0: Called Strike
2-1: SOLO HOME RUN (Flyball, 9D, EV 100.6 MPH), Distance : 378 ft
Batting: RHB Mike Harkins 0-0: Called Strike
0-1: Ground out 6-3 (Groundball, 56, EV 105.6 MPH)
Batting: RHB Avery Maxwell 0-0: Called Strike
0-1: Foul Ball, location: 2F
0-2: Foul Ball, location: 2F
0-2: Fly out, F6 (Line Drive, 6, EV 67.5 MPH)
Top of the 8th over - 1 run, 1 hit, 0 errors, 0 left on base; California 2 - Montreal 3
BOTTOM OF THE 8TH
Montreal Expos batting - Pitching for California Angels : RHP Joe Beam
Batting: SHB Pete Barutha 0-0: Swinging Strike
0-1: Foul Ball, location: 2F
0-2: Ball
1-2: Strikes out looking
Batting: RHB Mike Salmon 0-0: Ground out 6-3 (Groundball, 6, EV 86.9 MPH)
Batting: LHB Steve Anderson 0-0: Swinging Strike
0-1: Ground out 6-3 (Groundball, 6S, EV 78.1 MPH)
Bottom of the 8th over - 0 runs, 0 hits, 0 errors, 0 left on base; California 2 - Montreal 3
TOP OF THE 9TH
California Angels batting - Pitching for Montreal Expos : RHP Elliott Payne
Pitching: LHP Anass Rhammar
Batting: LHB Jack Bell 0-0: Ground out 1-3 (Groundball, 13, EV 72.5 MPH)
Batting: RHB Ricky Carbajal 0-0: Called Strike
0-1: Ground out 5-3 (Groundball, 5, EV 93.8 MPH)
Batting: RHB Nick Dunn 0-0: Ball
1-0: Foul Ball, location: 2F
1-1: Ball
2-1: Ground out 6-3 (Groundball, 56D, EV 82.5 MPH)
Top of the 9th over - 0 runs, 0 hits, 0 errors, 0 left on base; California 2 - Montreal 3
Wednesday, June 22nd , 2022 - OOTP Baseball 23.4 Build 64